 Dungeon Crawl Stone Soup version 0.31.0-12-g77e489cdc1 (webtiles) character file.

Game seed: 16775042376409797230

8 Silvore the Trooper (level 2, 0/24 HPs)
             Began as a Demonspawn Fighter on Feb 12, 2024.
             Slain by a goblin
             ... wielding a +0 club
              (1 damage)
             ... on level 1 of the Dungeon.
             The game lasted 00:00:34 (171 turns).

Silvore the Trooper (Demonspawn Fighter)             Turns: 171, Time: 00:00:34

Health: 0/24       AC:  6    Str: 16    XL:     2   Next: 0%
Magic:  2/2        EV:  8    Int:  8    God:
Gold:   11         SH:  4    Dex: 12    Spells: 1/1 levels left

rFire   . . .        a - +0 long sword
rCold   . . .        c - +0 buckler
rNeg    . . .        b - +0 scale mail
rPois   .            (helmet restricted)
rElec   .            (no cloak)
rCorr   .            (no gloves)
SInv    .            (no boots)
Will    .....        (no amulet) Stlth
                     (no ring)
HPRegen 0.24/turn    (no ring)
MPRegen 0.08/turn

%: no passive effects
@: no status effects
A: antennae 1
a: no special abilities


You were on level 1 of the Dungeon.
You visited 1 branch of the dungeon, and saw 1 of its levels.

You collected 11 gold pieces.

Inventory:

Hand Weapons
 a - a +0 long sword (weapon)
Armour
 b - a +0 scale mail (worn)
 c - a +0 buckler (worn)
Potions
 d - a potion of might


   Skills:
 + Level 3.2 Fighting
 + Level 1.9 Long Blades
 + Level 2.8 Armour
 + Level 2.8 Shields


You had one spell level left.
You didn't know any spells.
Your spell library was empty.

Dungeon Overview and Level Annotations

Branches:
Dungeon (1/15)

Altars:


Innate Abilities, Weirdness & Mutations

You have a pair of small antennae on your head.


Message History

The slug dart hits you. The bat hits you but does no damage.
The goblin hits you with a +0 club.
A dart slug and a kobold come into view.
Found a golden potion.
The kobold shouts!
The bat hits you but does no damage.
The dart slug briefly extends its eye-stalks.
Found a fizzy yellow potion.
The dart slug launches a dart at you. The slug dart hits you.
The dart slug launches a dart at you. The slug dart hits you.
The bat barely misses you. The bat hits you but does no damage.
The dart slug launches a dart at you. The slug dart hits you.
The goblin attacks as it pursues you! You block the goblin's attack.
The kobold hits you with a +0 whip. The goblin attacks as it pursues you!
The goblin hits you with a +0 club. The bat barely misses you.
The kobold hits you with a +0 whip.
* * * LOW HITPOINT WARNING * * *
The bat closely misses you. The goblin hits you with a +0 club.
* * * LOW HITPOINT WARNING * * *
The dart slug launches a dart at you. The slug dart misses you.
The kobold hits you but does no damage. You block the goblin's attack.
The bat hits you.
* * * LOW HITPOINT WARNING * * *
The kobold barely misses you. The hobgoblin barely misses you.
You block the bat's attack.
The frilled lizard bites you but does no damage.
The goblin barely misses you. The kobold barely misses you.
The hobgoblin hits you but does no damage.
The bat hits you but does no damage.
The frilled lizard bites you but does no damage.
The goblin barely misses you. The hobgoblin hits you.
* * * LOW HITPOINT WARNING * * *
The kobold hits you but does no damage. You block the bat's attack.
The frilled lizard bites you but does no damage.
The goblin hits you with a +0 club.
You die...

#♣ .♣. ... #.. ♣P #...
# #.... #.#
#....########### ..
#......!......# #
#.............#
#....b@g......#
#....lKgw.....#########
#..!..w..............##
#....................##
#......♣.♣...........##
#....................##
#^!....♣.♣.....?...†)##
#....................##
.....♣.♣.............


You could see 2 dart slugs, a hobgoblin, a goblin, a bat, a kobold and a frilled
lizard.

Vanquished Creatures
  A bat (D:1)
  A giant cockroach (D:1)
  A hobgoblin (D:1)
  2 jackals (D:1)
  A ball python (D:1)
  A kobold (D:1)
7 creatures vanquished.

Notes
Turn   | Place    | Note
-------+----------+-------------------------------------------
     0 | D:1      | Silvore the Demonspawn Fighter began the quest for the Orb.
     0 | D:1      | Reached XP level 1. HP: 18/18 MP: 1/1
    94 | D:1      | Gained mutation: You have a pair of small antennae on your
                  | head. [demonic ancestry]
    94 | D:1      | Reached XP level 2. HP: 23/24 MP: 2/2
   168 | D:1      | HP: 1/24 [bat (1)]
   171 | D:1      | Slain by a goblin

Illustrated notes

Levels and vault maps discovered:
D:1:      saegor_arrival_simple_c, layout_basic, serial_forest,
          infiniplex_forest_end_3, infiniplex_forest_clump_diagonal,
          infiniplex_forest_lined_1, infiniplex_forest_corner_2,
          infiniplex_forest_straight_2, infiniplex_forest_fountain,
          chequers_arboretum

Action                     || total
---------------------------++-------
  Melee: Long sword        ||    25
 Armour: Scale mail        ||   106
  Dodge: Dodged            ||    56
  Block: Buckler           ||    33
